Construct Infanterie Kompanie
Selects Mechanized Battlegroup
Construct Luftwaffe Kompanie
Selects Mobile Repair Stations
Marder III M Tank Destroyer
Selects Wespe Self-propelled Artillery
Wespe Self-propelled Artillery
Wespe Self-propelled Artillery
Selects Zeroing Artillery Barrage
Selects StuG Assault Group
Flak 30 Anti-aircraft Gun Team
Construct Panzer Kompanie
Selects UNKNOWN (2160084)
Zeroing Artillery Barrage
Zeroing Artillery Barrage